 Dungeon Crawl Stone Soup version 0.18-a0-102-gb1241f3 (webtiles) character file.

216 Proton the Skirmisher (level 5, 0/50 HPs)
             Began as a Naga Fighter on Nov 15, 2015.
             Slain by a quasit (1 damage)
             ... summoned by Eustachio
             ... on level 4 of the Dungeon.
             The game lasted 00:04:20 (2293 turns).

Proton the Skirmisher (Naga Fighter)                Turns: 2293, Time: 00:04:20

Health: 0/50       AC:  7    Str: 19    XL:     5   Next: 93%
Magic:  14/14      EV:  6    Int:  9    God:
Gold:   140        SH:  8    Dex: 10    Spells: 0 memorised, 4 levels left

rFire  . . .     SeeInvis +     a - +0 long sword
rCold  . . .     Clarity  .     b - +0 scale mail
rNeg   . . .     SustAt   .     c - +0 shield
rPois  +         Gourm    .     s - +2 hat
rElec  .         Spirit   .     (no cloak)
rCorr  .         Warding  .     (no gloves)
rMut   .         Stasis   .     (no barding)
MR     .....                    (no amulet)
Stlth  +.........               (no ring)
                                o - ring of magical power

@: lethally poisoned (0 -> -2), very slow, not resistant to hostile
enchantments, very unstealthy
A: see invisible, deformed body, poison resistance, slowness 2, slow metabolism
1, spit poison 2, AC +1
a: Spit Poison


You were on level 4 of the Dungeon.
You were not hungry.

You visited 1 branch of the dungeon, and saw 4 of its levels.

You collected 140 gold pieces.

Inventory:

Hand Weapons
 a - a +0 long sword (weapon)
Armour
 b - a +0 scale mail (worn)
 c - a +0 shield (worn)
 s - a +2 hat (worn)
Jewellery
 o - a ring of magical power (left hand)
Scrolls
 f - a scroll of fear
 g - a scroll of recharging {unknown}
 h - a scroll of enchant weapon {unknown}
 n - a scroll of remove curse {unknown}
 q - 3 scrolls of identify {unknown}
 r - a scroll of teleportation {unknown}
Potions
 d - a potion of might
 i - a potion of magic {unknown}
 k - 2 potions of lignification {unknown}
 l - a potion of poison {unknown}
 m - 5 potions of curing {unknown}
 t - a potion of flight {unknown}
Comestibles
 e - 3 bread rations
 j - 2 beef jerkies
 p - 2 slices of pizza
 u - a meat ration
 v - a royal jelly


   Skills:
 + Level 3.7 Fighting
 + Level 3.0 Long Blades
 + Level 3.2 Armour
 + Level 1.5 Dodging
 + Level 3.7 Stealth
 + Level 2.7 Shields


You had 4 spell levels left.
You didn't know any spells.

Dungeon Overview and Level Annotations

Branches:
Dungeon (4/15)
 Temple: D:4-7

Altars:

Annotations:
D:4 Eustachio


Innate Abilities, Weirdness & Mutations

You cannot wear boots.
Your serpentine skin is tough (AC +1).
You have supernaturally acute eyesight.
Armour fits poorly on your strangely shaped body.
Your system is resistant to poisons.
You cover ground very slowly.
You have a slow metabolism.
You can spit poison.


Message History

You assume a fearsome visage.
The adder looks frightened!
The ufetubus is unaffected.
Eustachio looks frightened!
The worker ant looks frightened!
The quasit is unaffected.
The shadow imp is unaffected.
It was a scroll of fear.
* * * LOW HITPOINT WARNING * * *
You feel sick.
The quasit bites you but does no damage.
You block the quasit's attack. The quasit barely misses you.
The ufetubus hits you.
* * * LOW HITPOINT WARNING * * *
The ufetubus hits you but does no damage.
Eustachio gestures wildly while chanting.
Eustachio blinks!
Read which item? (? for menu, Esc to quit)
As you read the scroll labeled UBOSTE GECHEC, it crumbles to dust.
The creatures around you are filled with an inner flame!
It was a scroll of immolation.
The quasit bites you but does no damage.
The quasit barely misses you. The quasit claws you.
You die...

###.# #..# #...#
#..# #.#.### #..#
##.....###..# #
##.♣...♣.##..# ...
#........S#..##....
#.♣...<...♣..a§.....
#.........#..#....
##.♣...♣...5@# .
##......###.55.....
#####.## #.##$.@..
#.. #.# .#>. ###.
#.# # #.#.# ... #..


You could see Eustachio (inner flame), a worker ant (inner flame), a quasit, an
adder (inner flame), a shadow imp and an ufetubus.

Vanquished Creatures
  3 orc wizards (D:3)
  5 adders
  3 oozes (D:1)
  2 worms (D:2)
  7 orcs (D:3)
  2 ball pythons (D:1)
  5 bats
  2 giant cockroaches (D:3)
  6 hobgoblins
  8 kobolds
  2 quokkas
  A giant gecko (D:2)
  5 giant newts
  2 goblins (D:2)
  A jackal skeleton (D:4)
  9 rats
63 creatures vanquished.

Notes
Turn   | Place    | Note
--------------------------------------------------------------
     0 | D:1      | Proton the Naga Fighter began the quest for the Orb.
     0 | D:1      | Reached XP level 1. HP: 21/21 MP: 1/1
   110 | D:1      | Reached XP level 2. HP: 25/28 MP: 2/2
   159 | D:1      | Reached skill level 1 in Stealth
   410 | D:1      | Reached XP level 3. HP: 31/34 MP: 3/3
   946 | D:2      | HP: 1/34 [adder (3)]
   948 | D:2      | Reached XP level 4. HP: 1/42 MP: 4/4
  1167 | D:2      | Reached skill level 1 in Dodging
  1655 | D:3      | Reached XP level 5. HP: 35/49 MP: 5/5
  2263 | D:4      | Noticed Eustachio
  2292 | D:4      | HP: 2/50 [poisoned by a worker ant]
  2293 | D:4      | Slain by a quasit

Vault maps used:
D:1:      lightli_arrival_isolated_outpost, lemuel_old_faithful
D:4:      kennysheep_little_box, first_bread, grunt_ministairs_2,
          uniq_eustachio, uniq_blork_the_orc, uniq_crazy_yiuf_cottage,
          uniq_grinder

Action                   |  1- 3 |  4- 6 || total
-------------------------+-------+-------++-------
Melee: Long sword        |   157 |   155 ||   312
 Abil: Spit Poison       |       |     2 ||     2
  Use: Scroll            |       |     2 ||     2
  Eat: Meat ration       |       |     1 ||     1
